 Dungeon Crawl Stone Soup version 0.29.1-15-g9cfb28693d (webtiles) character file.

Game seed: 16927955057905499745

4 Heoruswealwe the Digger (level 1, 5/10 HPs)
             Began as a Deep Elf Earth Elementalist on Apr 25, 2023.
             Was a Follower of Makhleb.
             Got out of the dungeon alive.
             The game lasted 00:00:56 (75 turns).

Heoruswealwe the Digger (Deep Elf Earth Elementalist) Turns: 75, Time: 00:00:57

Health: 5/10       AC:  2    Str:  5    XL:     1   Next: 58%
Magic:  3/6        EV: 12    Int: 19    God:    Makhleb [*.....]
Gold:   0          SH:  0    Dex: 15    Spells: 5/6 levels left

rFire   . . .      SeeInvis .   (no weapon)
rCold   . . .      Faith    .   (no shield)
rNeg    . . .      Spirit   .   c - +0 robe
rPois   .          Reflect  .   (no helmet)
rElec   .          Harm     .   (no cloak)
rCorr   .          Rampage  .   (no gloves)
Will    .....                   (no boots)
Stlth   ++........              (no amulet)
HPRegen 0.03/turn               (no ring)
MPRegen 0.10/turn               (no ring)

@: no status effects
A: no striking features
a: Renounce Religion


You escaped.
You worshipped Makhleb.
Makhleb was aware of your devotion.
You visited 1 branch of the dungeon, and saw 1 of its levels.

Inventory:

Armour
 c - a +0 robe (worn)
Potions
 b - a potion of magic


   Skills:
 - Level 2.4 Dodging
 - Level 2.4 Stealth
 + Level 3.3 Spellcasting
 - Level 1.1 Transmutations
 + Level 3.5 Earth Magic


You had 5 spell levels left.
You knew the following spells:

 Your Spells              Type           Power      Damage    Failure   Level
a - Sandblast             Erth           32%        2d9       3%          1

Your spell library contained the following spells:

 Spells                   Type           Power      Damage    Failure   Level
 Passwall                 Tmut/Erth      9%         N/A       9%          2
 Stone Arrow              Conj/Erth      18%        3d8       22%         3
 Petrify                  Tmut/Erth      11%        N/A       50%         4


Dungeon Overview and Level Annotations

Branches:
Dungeon (1/15)

Altars:
Makhleb


Message History

You can't see any susceptible monsters within range! (Use Z to cast anyway.)
The blast of sand misses the ball python.
The blast of sand hits the ball python!
You kill the ball python!
You see here 6 stones.
A ball python comes into view.
You see here a ball python corpse.
There is a faded altar of an unknown god here.
The blast of sand hits the ball python.
The ball python is severely wounded.
The blast of sand misses the ball python.
The ball python bites you but does no damage.
The ball python grabs you. The ball python constricts you.
The ball python bites you. The ball python constricts you.
The blast of sand hits the ball python!
You kill the ball python!
You cannot tell which god this altar belongs to.
Convert to them anyway?
Makhleb accepts your prayer! Makhleb welcomes you!
You can now gain health from killing.
A goblin comes into view. It is wielding a +0 club.
Found a stone staircase leading down.
The goblin shouts!
The goblin hits you with a +0 club.
You are too injured to fight recklessly!
Casting: Sandblast (safe; 3% risk of failure)
Confirm with . or Enter, or press ? or * to list all spells.
Aiming: Sandblast (safe; 3% risk of failure)
Press: ? - help, Shift-Dir - straight line, f - goblin
Aim: a goblin, wielding a +0 club (77% to hit)
The blast of sand hits the goblin!
You kill the goblin!
Makhleb accepts your kill.
You see here a +0 club.
Press: ? - help, . - travel You can't see that place. [a staircase leading out of the dungeon.]
There is a staircase leading out of the dungeon here.
Are you sure you want to leave the Dungeon?
This will make you lose the game!
You have escaped!

#....###( #...#..
#...†. #.# ##._.#
#.#####...†. ########
#.##.#...#.. #......#
#.##....###. #.####.#
#.###..## #
#.#.@#.###.####..#
#.#.##.#.....#...# #
#.#....#......##.#
###.#.#.#######.##.)#
...
................##..#
#.##
############.#####..#
#. #.# #>.. #. #.#
...#. #. #.# .......


There were no monsters in sight!

Vanquished Creatures
  A goblin (D:1)
  3 ball pythons (D:1)
  A bat (D:1)
5 creatures vanquished.

Notes
Turn   | Place    | Note
-------+----------+-------------------------------------------
     0 | D:1      | Heoruswealwe the Deep Elf Earth Elementalist began the
                  | quest for the Orb.
     0 | D:1      | Reached XP level 1. HP: 10/10 MP: 6/6
    22 | D:1      | Found a faded altar of an unknown god.
    36 | D:1      | Prayed at the altar of an unknown god.
    36 | D:1      | Became a worshipper of Makhleb the Destroyer
    36 | D:1      | Reached * piety under Makhleb
    75 | D:$      | Got out of the dungeon alive.

Illustrated notes

Levels and vault maps discovered:
D:1:      matt_arrival_spirals, layout_loops_ring,
          nicolae_ecumenical_snake_handling, serial_glass, glass_columns_a,
          glass_columns_a, item_on_display_b, item_on_display_a,
          minmay_lizard_king

Action                   || total
-------------------------++-------
 Cast: Sandblast         ||     8
Armor: Robe              ||     2
